 Dungeon Crawl Stone Soup version 0.28-a0-447-g1f95980246 (webtiles) character file.

Game seed: 15321322137895018248

36 CraigForest the Insei (level 3, -1/20 HPs)
             Began as a Vine Stalker Monk on Sept 12, 2021.
             Was a Priest of Trog.
             Succumbed to Jessica's poison
             ... on level 2 of the Dungeon.
             The game lasted 00:04:29 (1468 turns).

CraigForest the Insei (Vine Stalker Monk)           Turns: 1468, Time: 00:04:30

Health: -1/20      AC:  7    Str: 14    XL:     3   Next: 37%
Magic:  4/4        EV: 10    Int: 10    God:    Trog [***...]
Gold:   50         SH:  0    Dex: 16    Spells: 2/2 levels left

rFire   . . .      SeeInvis .     - Unarmed
rCold   . . .      Faith    .   (no shield)
rNeg    . . .      Spirit   +   m - +0 scale mail
rPois   .          Reflect  .   (no helmet)
rElec   .          Harm     .   d - +0 cloak
rCorr   .          Rampage  .   (no gloves)
Will    ++...                   (no boots)
Stlth   +.........              (no amulet)
HPRegen 1.06/turn               (no ring)
MPRegen 0.09/turn               (no ring)

@: lethally poisoned (-1 -> -14), strong-willed, regenerating, slowed, very slow
A: fangs 2, magic shield, antimagic bite, no potion heal 2
a: Renounce Religion, Berserk, Trog's Hand


You were on level 2 of the Dungeon.
You worshipped Trog.
Trog was most pleased with you.
You visited 1 branch of the dungeon, and saw 2 of its levels.

You collected 50 gold pieces.

Inventory:

Hand Weapons
 j - a +0 short sword
Missiles
 c - 19 bolts
 g - 6 stones
 h - 22 arrows
Armour
 a - a +0 robe
 b - a +0 robe
 d - a +0 cloak (worn)
 m - a +0 scale mail (worn)
Scrolls
 e - a scroll of amnesia {unknown}
 k - a scroll of holy word {unknown}
 l - 2 scrolls of identify {unknown}
Potions
 f - a potion of curing {unknown}
 i - a potion of brilliance {unknown}


   Skills:
 - Level 3.0 Fighting
 + Level 2.9 Dodging
 - Level 3.0 Stealth
 + Level 3.3 Unarmed Combat


You had 2 spell levels left.
You didn't know any spells.
Your spell library contained the following spells:

 Spells                   Type           Power      Damage    Failure   Level
 Magic Dart               Conj           0%         1d3       86%         1
 Searing Ray              Conj           0%         2d4       95%         2
 Fulminant Prism          Conj/Hex       0%         3d6       100%        4


Dungeon Overview and Level Annotations

Branches:
Dungeon (2/15)

Altars:
Trog

Annotations:
D:2 Jessica


Innate Abilities, Weirdness & Mutations

You have extremely sharp teeth.
When hurt, damage is shared between your health and your magic reserves.
Your bite disrupts and absorbs the magic of your enemies.
Potions cannot restore your health.


Message History

Jessica the Apprentice Sorceress comes into view.
She is wielding a +1 dagger of venom.
Jessica gestures wildly while chanting.
Jessica blinks!
Jessica moves out of view.
There is an open door here.
You hit Jessica. Your punch misses Jessica.
Jessica is heavily wounded.
Jessica gestures at you while chanting.
You feel yourself slow down.
You closely miss Jessica. Your bite misses Jessica.
Jessica is heavily wounded.
Jessica hits you with a +1 dagger of venom.
Jessica gestures wildly while chanting.
Jessica seems to speed up.
You closely miss Jessica. You bite Jessica.
Jessica's magic leaks into the air.
You drain her magic.
Jessica is severely wounded.
Jessica barely misses you. Jessica hits you but does no damage.
You are poisoned.
You hit Jessica. You bite Jessica, but do no damage.
Jessica is almost dead.
You feel very sick.
Jessica falters for a moment.
Jessica closely misses you.
You barely miss Jessica. Your bite misses Jessica.
Jessica is almost dead.
You feel very sick.
Jessica falters for a moment.
Jessica gestures wildly while chanting.
Jessica blinks!
You feel sick.
Jessica falters for a moment.
Jessica hits you but does no damage.
You are lethally poisoned!
You hit Jessica but do no damage. Your bite misses Jessica.
Jessica is almost dead.
* * * LOW HITPOINT WARNING * * *
You feel very sick. Jessica closely misses you.
Jessica hits you but does no damage.
You are more poisoned.
Your skin crawls.
You feel strong-willed.
You die...

############
...........#
...........#
...........#
...........#
.......@...##
.......@....+
...........##
########'###
#.# #.# #.#
#.# #.# #.#


You could see Jessica (fast).

Vanquished Creatures
  5 bats (D:1)
  3 endoplasms (D:1)
  4 giant cockroaches (D:1)
  3 goblins (D:1)
  2 hobgoblins (D:1)
  3 kobolds (D:1)
  2 quokkas (D:1)
  4 ball pythons (D:1)
  4 frilled lizards (D:1)
  3 rats (D:1)
33 creatures vanquished.

Vanquished Creatures (others)
  2 fungi (D:1)
  4 plants (D:1)
6 creatures vanquished.

Grand Total: 39 creatures vanquished

Notes
Turn   | Place    | Note
-------+----------+-------------------------------------------
     0 | D:1      | CraigForest the Vine Stalker Monk began the quest for the
                  | Orb.
     0 | D:1      | Reached XP level 1. HP: 11/11 MP: 2/2
    58 | D:1      | Reached XP level 2. HP: 8/16 MP: 3/3
   251 | D:1      | Found a faded altar of an unknown god.
   271 | D:1      | Became a worshipper of Trog the Wrathful
   271 | D:1      | Reached * piety under Trog
   271 | D:1      | Reached ** piety under Trog
   482 | D:1      | Reached *** piety under Trog
   492 | D:1      | Reached XP level 3. HP: 20/20 MP: 4/4
  1458 | D:2      | Noticed Jessica
  1468 | D:2      | Succumbed to Jessica's poison

Illustrated notes

Levels and vault maps discovered:
D:1:      nicolae_arrival_washed_ashore, layout_loops_cross,
          shapermc_ecumenical_altar_acropolis, minmay_misc_feat_iff
D:2:      layout_basic, minmay_domino_2, uniq_jessica, uniq_sigmund

Skill      XL: |  1  2 |
---------------+-------+-----
Fighting       | 3 |  3.0
Stealth        | 3 |  3.0
Dodging        | |  2.9
Unarmed Combat | |  3.3

Action                   || total
-------------------------++-------
Melee: Unarmed           ||   123
       Bite              ||    44
       Punch             ||     2
Invok: Trog's Hand       ||     1
 Stab: Sleeping          ||     6
Armor: Robe              ||    18
       Scale mail        ||     3
Dodge: Dodged            ||    55

Table legend: (Time is in decaauts)
 A = Elapsed time spent in this place.
 B = Non-inter-level travel time spent in this place.
 C = Inter-level travel time spent in this place.
 D = Time resting spent in this place.
 E = Time spent auto-exploring this place.
 F = Levels seen in this place.
 G = Mean time per level.
                   A        B        C        D        E       F      G
               +--------+--------+--------+--------+--------+-----+--------+
         Total |   1468 |   1429 |     39 |      0 |   1017 |   2 |  734.0 |
       Dungeon |   1468 |   1429 |     39 |      0 |   1017 |   2 |  734.0 |
               +--------+--------+--------+--------+--------+-----+--------+

Top non-repeatable levels by time:
     D:1: 1415 daAuts
     D:2: 53 daAuts
